AoeStats
← paco.cheung

Golden Pit

510011768Analyzed
1v1 RM · 4d ago on Sep 29, 2026· 43m 35s· 2 players
Game mode
Random Map
Map size
Tiny (2 player)
Population
200
Speed
Normal
Resources
Standard
Victory
Conquest
Starting age
Dark Age
Ending age
Imperial Age
RankedLock teamsTeams togetherTeam positionsShared explorationLock speedFull tech treeHidden civsTurbo modeCheats
Victory
Defeat
🇭🇰 Inca · Hong Kong SAR China
788
+15
🇦🇷 Franks · Argentina
775
-38
Joelrp
6:22 Loom
12:45 Feudal Age
13:22 Double-Bit Axe
17:22 Gold Mining
20:21 Castle Age
21:30 Bow Saw
24:48 Scale Barding Armor
26:04 Gold Shaft Mining
29:33 Chain Barding Armor
28:38 Pikeman
29:28 Stone Mining
32:44 Forging
32:35 Scale Mail Armor
36:21 Imperial Age
35:32 Iron Casting
35:13 Chain Mail Armor
36:28 Halberdier
41:29 Plate Barding Armor
43:00 Blast Furnace
42:30 Plate Mail Armor
paco.cheung
11:39 Feudal Age
15:44 Castle Age
13:52 Double-Bit Axe
14:22 Stone Mining
14:46 Horse Collar
18:20 Bow Saw
23:54 Loom
27:56 Wheelbarrow
28:03 Wheelbarrow
28:00 Scale Mail Armor
28:26 Heavy Plow
29:08 Stone Shaft Mining
30:00 Hand Cart
33:20 Imperial Age
32:10 Chain Mail Armor
32:01 Squires
31:54 Arson
32:35 Forging
33:32 Capped Ram
34:54 Conscription
35:26 Fabric Shields
36:18 Elite Kamayuk
37:38 Plate Mail Armor
37:49 Iron Casting
38:14 Siege Ram
40:54 Blast Furnace
40:34 Siege Engineers
Connection lost

Rejoining the realm…

Still unreachable

The connection could not be restored.

Session expired

The server has moved on; the page needs a fresh start.